AoeStats
← kimbo

Arabia

508535574Analyzed
2v2 RM · 11d ago on Sep 22, 2026· 50m 4s· 4 players
Game mode
Random Map
Map size
Medium (4 player)
Population
200
Speed
Normal
Resources
Standard
Victory
Conquest
Starting age
Dark Age
Ending age
Imperial Age
RankedLock teamsTeams togetherTeam positionsShared explorationLock speedFull tech treeHidden civsTurbo modeCheats
Victory
Defeat
🇦🇷 Maya · Argentina
1318
+17
🇦🇷 Persians · Argentina
1270
+18
🇵🇪 Random · Peru
1331
-18
🇦🇷 Vietnamese · Argentina
1324
-17
Pingocho
8:27 Feudal Age
8:44 Loom
9:24 Double-Bit Axe
14:48 Scale Barding Armor
20:22 Castle Age
19:08 Bloodlines
19:30 Gold Mining
19:22 Horse Collar
21:11 Chain Barding Armor
22:57 Forging
23:57 Wheelbarrow
24:34 Iron Casting
24:32 Bow Saw
25:41 Heavy Plow
30:31 Husbandry
38:23 Imperial Age
36:55 Hand Cart
39:15 Plate Barding Armor
38:02 Cavalier
39:46 Gold Shaft Mining
40:45 Blast Furnace
40:22 Conscription
42:09 Crop Rotation
43:42 Savar
45:00 Stone Mining
44:55 Light Cavalry
45:55 Hussar
kimbo
0:25 Loom
9:26 Feudal Age
11:09 Double-Bit Axe
13:05 Fletching
24:15 Castle Age
22:31 Gold Mining
24:24 Crossbowman
25:02 Bodkin Arrow
25:21 Bow Saw
26:55 Padded Archer Armor
28:58 Leather Archer Armor
29:02 Thumb Ring
30:40 Horse Collar
31:29 Ballistics
39:52 Imperial Age
40:14 Arbalester
41:03 Bracer
44:30 Ring Archer Armor
48:29 Chemistry
LAO9
6:59 Loom
9:27 Feudal Age
14:39 Horse Collar
17:47 Forging
23:40 Castle Age
22:25 Bloodlines
22:23 Scale Barding Armor
22:13 Gold Mining
24:44 Chain Barding Armor
28:10 Husbandry
29:37 Iron Casting
30:46 Wheelbarrow
31:08 Double-Bit Axe
38:38 Imperial Age
36:06 Town Watch
37:47 Heavy Plow
38:49 Fletching
38:51 Cavalier
42:22 Conscription
43:40 Scale Mail Armor
43:03 Pikeman
43:44 Squires
44:49 Crop Rotation
45:22 Gold Shaft Mining
44:37 Stone Mining
45:58 Hand Cart
46:04 Bow Saw
45:57 Town Patrol
47:57 Two-Man Saw
48:51 Chain Mail Armor
50:38 Plate Mail Armor
49:29 Halberdier
juanjemer
7:12 Loom
9:52 Feudal Age
10:30 Double-Bit Axe
16:22 Fletching
17:47 Wheelbarrow
22:37 Castle Age
21:21 Horse Collar
21:43 Gold Mining
22:44 Crossbowman
23:28 Bodkin Arrow
23:46 Bow Saw
23:50 Pikeman
34:42 Town Watch
35:13 Hand Cart
35:18 Padded Archer Armor
41:13 Imperial Age
39:41 Forging
40:05 Squires
40:30 Scale Mail Armor
41:05 Iron Casting
41:48 Arbalester
42:57 Bracer
43:46 Thumb Ring
47:11 Leather Archer Armor
47:33 Iron Casting
49:31 Ballistics
50:13 Chemistry
Connection lost

Rejoining the realm…

Still unreachable

The connection could not be restored.

Session expired

The server has moved on; the page needs a fresh start.